 Dungeon Crawl Stone Soup version 0.29-a0-233-g1125b37a9b (webtiles) character file.

Game seed: 14441981702017779577

63 funkygono the Firebug (level 3, -1/19 HPs)
             Began as a Deep Elf Fire Elementalist on Mar 1, 2022.
             Slain by a gnoll
             ... wielding a +0 vorpal spear
              (2 damage)
             ... on level 2 of the Dungeon.
             The game lasted 00:02:00 (1704 turns).

funkygono the Firebug (Deep Elf Fire Elementalist)  Turns: 1704, Time: 00:02:01

Health: -1/19      AC:  2    Str:  5    XL:     3   Next: 87%
Magic:  2/10       EV: 12    Int: 21    God:
Gold:   27         SH:  0    Dex: 15    Spells: 4/10 levels left

rFire   . . .      SeeInvis .   i - +0 rapier
rCold   . . .      Faith    .   (no shield)
rNeg    . . .      Spirit   .   a - +0 robe
rPois   .          Reflect  .   (no helmet)
rElec   .          Harm     .   (no cloak)
rCorr   .          Rampage  .   (no gloves)
Will    .....                   (no boots)
Stlth   ++........              (no amulet)
HPRegen 0.06/turn               d - ring of flight
MPRegen 0.12/turn               (no ring)

@: flying
A: no striking features
a: no special abilities


You were on level 2 of the Dungeon.
You visited 1 branch of the dungeon, and saw 2 of its levels.

You collected 27 gold pieces.

Inventory:

Hand Weapons
 i - a +0 rapier (weapon)
Missiles
 b - 67 stones
Armour
 a - a +0 robe (worn)
Jewellery
 d - a ring of flight (left hand)
Scrolls
 c - a scroll of enchant weapon {unknown}
 h - a scroll of identify {unknown}
 j - a scroll of silence {unknown}
Potions
 e - a potion of attraction {unknown}
 f - 3 potions of might {unknown}
 g - a potion of curing {unknown}
 k - 2 potions of mutation {unknown}


   Skills:
 + Level 2.5 Dodging
 - Level 2.4 Stealth
 * Level 4.1 Spellcasting
 * Level 1.5 Conjurations
 * Level 4.5 Fire Magic


You had 4 spell levels left.
You knew the following spells:

 Your Spells              Type           Power      Damage    Failure   Level
a - Foxfire               Conj/Fire      68%        2x1d7     3%          1
b - Scorch                Fire           46%        2d7       2%          2
c - Conjure Flame         Conj/Fire      17%        6-21      11%         3

Your spell library contained the following spells:

 Spells                   Type           Power      Damage    Failure   Level
 Inner Flame              Hex/Fire       13%        N/A       14%         3
 Portal Projectile        Hex/Tloc       8%         N/A       34%         3
 Flame Wave               Conj/Fire      17%        2d6       34%         4
 Blade Hands              Tmut           2%         N/A       97%         5
 Excruciating Wounds      Necr           2%         N/A       97%         5


Dungeon Overview and Level Annotations

Branches:
Dungeon (2/15)

Altars:


Message History

You conjure some foxfire!
Casting: Foxfire (safe; 3% risk of failure)
Confirm with . or Enter, or press ? or * to list all spells.
You conjure some foxfire!
The foxfire hits the endoplasm but does no damage.
The foxfire hits the endoplasm.
The endoplasm is severely wounded.
The endoplasm hits you.
Casting: Foxfire (safe; 3% risk of failure)
Confirm with . or Enter, or press ? or * to list all spells.
Flames lash the gnoll.
The gnoll is heavily wounded.
The gnoll's fire resistance burns away.
The foxfire hits the endoplasm.
You kill the endoplasm!
The foxfire hits the gnoll.
The gnoll is lightly wounded.
A gnoll comes into view. It is wielding a +0 vorpal spear.
The gnoll closely misses you.
Casting: Scorch (safe; 2% risk of failure)
Confirm with . or Enter, or press ? or * to list all spells.
You conjure some foxfire!
The gnoll shouts!
The gnoll hits you with a +0 flail.
The gnoll hits you from afar with a +0 spear.
A gnoll comes into view. It is wielding a +2 spear of flaming.
Casting: Foxfire (safe; 3% risk of failure)
Confirm with . or Enter, or press ? or * to list all spells.
Flames lash the gnoll.
The gnoll is moderately wounded.
The gnoll's fire resistance burns away.
The foxfire hits the gnoll.
The gnoll is heavily wounded.
The foxfire hits the gnoll.
The gnoll is burned terribly!
The gnoll is severely wounded.
The gnoll hits you from afar with a +0 spear.
Casting: Scorch (safe; 2% risk of failure)
Confirm with . or Enter, or press ? or * to list all spells.
You conjure some foxfire!
The gnoll barely misses you. The gnoll misses you.
The gnoll hits you from afar with a +0 vorpal spear!
* * * LOW HITPOINT WARNING * * *
You die...

$## #.# #.. ... #.# #.#
# ####.# #.# .###
######.##.# #.##...#
##..<....#.# #......#
###....).....###.§....#
..+.........†..v@.....#
#..........###gvg...#
#.......#......g...#
##.....######.##g..#
##...## #.# .#.# ##'##
#.# # # #.# #.. #.# ###
#######.##


You could see 4 gnolls.

Vanquished Creatures
  A gnoll (D:1)
  2 adders (D:2)
  3 bats
  5 endoplasms
  2 giant cockroaches (D:1)
  A goblin (D:1)
  2 hobgoblins (D:1)
  3 jackals (D:1)
  4 quokkas
  4 ball pythons
  A frilled lizard (D:2)
  3 kobolds
  A rat (D:1)
32 creatures vanquished.

Vanquished Creatures (others)
  79 foxfires
79 creatures vanquished.

Grand Total: 111 creatures vanquished

Notes
Turn   | Place    | Note
-------+----------+-------------------------------------------
     0 | D:1      | funkygono the Deep Elf Fire Elementalist began the quest
                  | for the Orb.
     0 | D:1      | Reached XP level 1. HP: 10/10 MP: 6/6
   211 | D:1      | Reached XP level 2. HP: 15/15 MP: 2/8
   629 | D:1      | Found a faded altar of an unknown god.
   765 | D:1      | Reached XP level 3. HP: 14/19 MP: 3/10
   768 | D:1      | Learned a level 2 spell: Scorch
   772 | D:1      | Learned a level 3 spell: Conjure Flame
  1704 | D:2      | Slain by a gnoll

Illustrated notes

Levels and vault maps discovered:
D:1:      dpeg_arrival_short_road, layout_loops_ring,
          shapermc_ecumenical_altar_hornbeckon
D:2:      layout_loops_corners, serial_shops, nicolae_lakefront_shop

Skill      XL: |  1  2  3 |
---------------+----------+-----
Fire Magic     | 4 |  4.5
Spellcasting   | 4 |  4.1
Dodging        | |  2.5
Stealth        | |  2.4
Conjurations   | |  1.5

Action                   || total
-------------------------++-------
 Cast: Foxfire           ||    50
       Scorch            ||     7
Armor: Robe              ||     4
Dodge: Dodged            ||    11

Table legend: (Time is in decaauts)
 A = Elapsed time spent in this place.
 B = Non-inter-level travel time spent in this place.
 C = Inter-level travel time spent in this place.
 D = Time resting spent in this place.
 E = Time spent auto-exploring this place.
 F = Levels seen in this place.
 G = Mean time per level.
                   A        B        C        D        E       F      G
               +--------+--------+--------+--------+--------+-----+--------+
         Total |   1706 |   1658 |     48 |      0 |   1433 |   2 |  853.0 |
       Dungeon |   1706 |   1658 |     48 |      0 |   1433 |   2 |  853.0 |
               +--------+--------+--------+--------+--------+-----+--------+

Top non-repeatable levels by time:
     D:1: 1175 daAuts
     D:2: 530 daAuts
